 Dungeon Crawl Stone Soup version 0.30.0-5-g1a98f26d00 (webtiles) character file.

Game seed: 4492469400701701895

1499 Cheops the Insei (level 8, -5/61 HPs)
             Began as a Gnoll Transmuter on May 11, 2023.
             Was a Believer of Makhleb.
             Engulfed by a steam dragon's steam (11 damage)
             ... on level 6 of the Dungeon.
             The game lasted 00:26:51 (6782 turns).

Cheops the Insei (Gnoll Transmuter)                 Turns: 6782, Time: 00:26:51

Health: -5/61      AC:  2    Str: 16    XL:     8   Next: 81%
Magic:  14/26      EV: 23    Int: 15    God:    Makhleb [**....]
Gold:   224        SH:  5    Dex: 17    Spells: 2/19 levels left

rFire   . . .        b - melded staff of poison {!a}
rCold   . . .        n - melded +0 buckler {AC+3}
rNeg    . . .        u - melded +0 troll leather armour {Pargi}
rPois   x            (helmet currently unavailable)
rElec   .            (cloak currently unavailable)
rCorr   .            E - melded +0 pair of gloves
SInv    .            (boots currently unavailable)
Will    .....        D - amulet of reflection
Stlth   +++          C - +6 ring of strength
HPRegen 0.30/turn    r - ring of magical power
MPRegen 0.20/turn

%: reflection
@: spider-form, very slightly contaminated
A: venomous fangs, tiny, (fangs 1), strong nose, distributed training
a: End Transformation, Renounce Religion, Minor Destruction


You were on level 6 of the Dungeon.
You worshipped Makhleb.
Makhleb was pleased with you.
You were a venomous arachnid creature.
You visited 2 branches of the dungeon, and saw 7 of its levels.
You also visited: Sewer and Ossuary.

You collected 224 gold pieces.

Inventory:

Missiles
 B - a throwing net
Armour
 h - a +0 robe
 n - a +0 buckler of protection (melded)
 u - a +0 troll leather armour (melded) {Pargi}
 w - a +2 ring mail of cold resistance
 E - a +0 pair of gloves (melded)
Magical Staves
 b - a staff of poison (melded) {!a}
 c - a staff of death
Jewellery
 j - an amulet of guardian spirit
 k - a ring of see invisible
 r - a ring of magical power (right front pincers)
 C - a +6 ring of strength (left front pincers)
 D - an amulet of reflection (around neck)
Scrolls
 e - 2 scrolls of fear
 g - 4 scrolls of teleportation
 o - 2 scrolls of enchant weapon
 q - 5 scrolls of immolation
 t - a scroll of fog
 x - 4 scrolls of magic mapping
 y - a scroll of butterflies
 G - a scroll of poison
Potions
 a - 2 potions of lignification
 d - a potion of haste
 f - 2 potions of brilliance
 i - 4 potions of curing {unknown}
 l - 3 potions of might
 m - 2 potions of ambrosia
 p - 4 potions of heal wounds {unknown}
 s - 2 potions of flight
 v - 3 potions of invisibility {unknown}
 z - a potion of magic
 A - a potion of mutation


   Skills:
 + Level 4.6 Fighting
 + Level 3.7 Short Blades
 + Level 3.7 Long Blades
 + Level 3.7 Axes
 + Level 3.7 Maces & Flails
 + Level 3.7 Polearms
 + Level 3.7 Staves
 + Level 3.7 Ranged Weapons
 + Level 3.7 Throwing
 + Level 3.7 Armour
 + Level 6.0 Dodging
 + Level 3.7 Stealth
 + Level 3.7 Shields
 + Level 7.6 Unarmed Combat
 + Level 6.3 Spellcasting
 + Level 3.1 Conjurations
 + Level 3.1 Hexes
 + Level 3.1 Summonings
 + Level 3.1 Necromancy
 + Level 3.1 Translocations
 + Level 4.9 Transmutations
 + Level 3.1 Fire Magic
 + Level 3.1 Ice Magic
 + Level 3.1 Air Magic
 + Level 3.1 Earth Magic
 + Level 3.1 Poison Magic
 + Level 4.1 Invocations
 + Level 3.7 Evocations


You had 2 spell levels left.
You knew the following spells:

 Your Spells              Type           Power      Damage    Failure   Level
a - Beastly Appendage     Tmut           38%        N/A       8%          1
i - Ice Form              Ice/Tmut       16%        N/A       47%         4
s - Spider Form           Tmut/Pois      16%        N/A       22%         3
w - Wereblood             Tmut           19%        N/A       10%         2
C - Call Canine Familiar  Summ           14%        N/A       28%         3
G - Summon Guardian Gole  Hex/Summ       14%        N/A       28%         3
M - Summon Small Mammal   Summ           56%        N/A       13%         1

Your spell library contained the following spells:

 Spells                   Type           Power      Damage    Failure   Level
 Passage of Golubria      Tloc           14%        N/A       58%         4
 Silence                  Hex/Air        7%         N/A       88%         5
 Conjure Ball Lightning   Conj/Air       7%         3x3d6     100%        6
 Discord                  Hex            7%         N/A       100%        8
 Disjunction              Tloc           7%         N/A       100%        8
 Lehudib's Crystal Spear  Conj/Erth      7%         10d3      100%        8


Dungeon Overview and Level Annotations

Branches:
Dungeon (6/15)             Temple (1/1) D:5           Sewer (visited)
Ossuary (visited)

Altars:
Cheibriados
Dithmenos
Elyvilon
Fedhas
Gozag
Makhleb
Nemelex Xobeh
Okawaru
Qazlal
Ru
Sif Muna
Trog
Uskayaw
Vehumet
Xom
Yredelemnul
Zin
The Shining One

Annotations:
D:2 dig
D:3 1 runed translucent door, kmckee's ghost, weakling DsFi
D:5 2 runed translucent doors
D:6 1 runed translucent door, Crazy Yiuf


Innate Abilities, Weirdness & Mutations

You are a venomous arachnid creature.
You have venomous fangs.
You are tiny and dextrous.
Your spellcasting is less reliable in this form.
Your armour is entirely melded.
You are incapable of wielding weapons or throwing items.
((You have very sharp teeth.))
Your uncanny sense of smell can sniff out nearby items.
Your experience applies equally to all skills.


Message History

You feel a surge of power!
You miscast Spider Form.
Nothing appears to happen.
You are engulfed in a cloud of scalding steam.
* * * LOW HITPOINT WARNING * * *
Your rat bites the steam dragon.
Unknown command.
Casting: Spider Form (dangerous; 13% risk of failure)
Confirm with . or Enter, or press ? or * to list all spells.
You feel a surge of power!
You turn into a venomous arachnid creature.
Your staff of poison {!a} melds into your body.
Your +0 pair of gloves melds into your body.
Your +0 buckler of protection melds into your body.
Your +0 troll leather armour {Pargi} melds into your body.
You feel less protected.
You are engulfed in a cloud of scalding steam.
* * * LOW HITPOINT WARNING * * *
The steam dragon bites you!
* * * LOW HITPOINT WARNING * * *
The steam dragon closely misses you.
Your rat bites the steam dragon.
Unknown command.
You bite the steam dragon!
The steam dragon is poisoned.
The steam dragon is moderately wounded.
The steam dragon misses you. The steam dragon barely misses you.
You hit the steam dragon but do no damage.
The steam dragon looks as sick as possible!
The steam dragon is heavily wounded.
Your rat bites the steam dragon but does no damage.
You block the steam dragon's attack. The steam dragon claws you.
* * * LOW HITPOINT WARNING * * *
You hit the steam dragon.
The steam dragon looks as sick as possible!
The steam dragon is severely wounded.
Your rat closely misses the steam dragon.
The steam dragon breathes steam at you. The ball of steam hits you.
* * * LOW HITPOINT WARNING * * *
You bite the steam dragon!
The steam dragon is almost dead.
You are engulfed in a cloud of scalding steam.
You die...

∆
#.######.#...............
........#.#.##.####
#####....#.....##.#
..#..#.##.#...##.#
#.#.......#.#..).# ∆
##'##.######.#.##.##
#............#.##..#
#..r....######.###.#
#.#########...Ds§§# #..
..# #.................#
#....>#
######.############
∆∆#....## #.# ## .# #..##
#.# ####.#..# #.#
#.#####.#)..# #.
#...[..D.)# #######.#)..#
####.#..#


You could see a steam dragon (extremely poisoned, ally target) and a friendly
rat (summoned).

Vanquished Creatures
  Menkaure (D:6)
  Pargi (Sewer)
  A black bear (D:5)
  2 centaurs
  A kobold brigand (D:6)
  Blork the orc (D:6)
  2 elf zombies (D:5)
  A scorpion (D:5)
  2 elf skeletons (D:5)
  A wight (D:6)
  A howler monkey (D:6)
  A centaur zombie (Ossuary)
  A gnoll bouda (D:6)
  An orc priest (D:5)
  2 human zombies
  Jessica (D:2)
  3 orc wizards
  An iguana (D:6)
  3 mummies (Ossuary)
  3 gnolls (D:6)
  10 adders
  A shadow imp (D:5)
  An ufetubus (D:5)
  15 orcs
  3 bats
  7 endoplasms
  4 giant cockroaches
  2 gnoll zombies (Ossuary)
  4 goblins
  10 hobgoblins
  8 jackals (D:1)
  4 quokkas
  6 ball pythons
  6 frilled lizards
  A hobgoblin zombie (Ossuary)
  6 kobolds
  A kobold zombie (Ossuary)
  4 orc skeletons (D:5)
  4 orc zombies
  9 rats
136 creatures vanquished.

Notes
Turn   | Place    | Note
-------+----------+-------------------------------------------
     0 | D:1      | Cheops the Gnoll Transmuter began the quest for the Orb.
     0 | D:1      | Reached XP level 1. HP: 17/17 MP: 6/6
   192 | D:1      | Reached XP level 2. HP: 23/23 MP: 5/7
   361 | D:1      | Reached skill level 5 in Spellcasting
   361 | D:1      | Reached XP level 3. HP: 28/28 MP: 6/9
   676 | D:1      | Reached skill level 1 in Invocations
   915 | D:1      | Learned a level 2 spell: Wereblood
   919 | D:1      | Learned a level 3 spell: Spider Form
  1167 | D:2      | Noticed Jessica
  1174 | D:2      | Killed Jessica
  1175 | D:2      | Reached skill level 1 in Short Blades
  1175 | D:2      | Reached skill level 1 in Long Blades
  1175 | D:2      | Reached skill level 1 in Axes
  1175 | D:2      | Reached skill level 1 in Maces & Flails
  1175 | D:2      | Reached skill level 1 in Polearms
  1175 | D:2      | Reached skill level 1 in Staves
  1175 | D:2      | Reached skill level 1 in Ranged Weapons
  1175 | D:2      | Reached skill level 1 in Throwing
  1175 | D:2      | Reached skill level 1 in Armour
  1175 | D:2      | Reached skill level 1 in Stealth
  1175 | D:2      | Reached skill level 1 in Shields
  1175 | D:2      | Reached skill level 1 in Evocations
  1175 | D:2      | Reached XP level 4. HP: 33/34 MP: 7/11
  1180 | D:2      | Learned a level 4 spell: Ice Form
  1200 | D:2      | Reached skill level 1 in Conjurations
  1200 | D:2      | Reached skill level 1 in Hexes
  1200 | D:2      | Reached skill level 1 in Summonings
  1200 | D:2      | Reached skill level 1 in Necromancy
  1200 | D:2      | Reached skill level 1 in Translocations
  1200 | D:2      | Reached skill level 1 in Fire Magic
  1200 | D:2      | Reached skill level 1 in Ice Magic
  1200 | D:2      | Reached skill level 1 in Air Magic
  1200 | D:2      | Reached skill level 1 in Earth Magic
  1200 | D:2      | Reached skill level 1 in Poison Magic
  1892 | D:3      | Found a faded altar of an unknown god.
  2097 | D:3      | Found a runed translucent door.
  2127 | D:3      | Noticed kmckee's ghost (weakling DsFi)
  2423 | D:4      | Reached XP level 5. HP: 31/40 MP: 9/12
  2592 | D:4      | Found a white marble altar of Elyvilon.
  2903 | D:4      | Found a glowing drain.
  2910 | Sewer    | Entered a sewer
  3060 | Sewer    | Noticed Pargi
  3074 | Sewer    | Killed Pargi
  3075 | Sewer    | Reached skill level 5 in Dodging
  3075 | Sewer    | Reached XP level 6. HP: 44/47 MP: 14/14
  3628 | D:3      | Prayed at the altar of an unknown god.
  3628 | D:3      | Became a worshipper of Makhleb the Destroyer
  3628 | D:3      | Reached * piety under Makhleb
  3664 | D:5      | Entered Level 5 of the Dungeon
  3692 | D:5      | Found a staircase to the Ecumenical Temple.
  3778 | D:5      | Found a sand-covered staircase.
  3790 | D:5      | Reached skill level 7 in Unarmed Combat
  3790 | D:5      | Reached XP level 7. HP: 43/52 MP: 15/15
  3880 | Ossuary  | Entered an ossuary
  4083 | Ossuary  | Reached ** piety under Makhleb
  4448 | D:5      | Found a blossoming altar of Fedhas.
  4450 | D:5      | Found a bloodstained altar of Trog.
  4608 | D:5      | Found a hide-covered altar of Uskayaw.
  4883 | D:5      | Reached XP level 8. HP: 60/60 MP: 16/16
  5179 | D:5      | Found a runed translucent door.
  5207 | D:5      | Found a runed translucent door.
  5829 | Temple   | Entered the Ecumenical Temple
  6186 | D:6      | Noticed Menkaure
  6193 | D:6      | Noticed Blork the orc
  6198 | D:6      | Killed Menkaure
  6202 | D:6      | Killed Blork the orc
  6316 | D:6      | Found a runed translucent door.
  6317 | D:6      | Noticed Crazy Yiuf
  6746 | D:6      | Learned a level 1 spell: Summon Small Mammal
  6750 | D:6      | Learned a level 3 spell: Call Canine Familiar
  6754 | D:6      | Learned a level 3 spell: Summon Guardian Golem
  6782 | D:6      | Engulfed by a steam dragon's steam

Illustrated notes

Levels and vault maps discovered:
D:1:      mushboom_english_gardens, layout_loops_ring, minmay_misc_feat_room,
          chequers_jeans
D:2:      layout_loops_ring, reono_crystal_passage, minmay_misc_feat_square,
          serial_park_tiny_pond, due_unseen_surprise, uniq_jessica
D:3:      layout_loops_cross, gammafunk_ghost_grave,
          ebering_ecumenical_altar_webs, chequers_serial_rivers_micro_c,
          guppyfry_early_lair_pool
D:4:      layout_loops_ring, lemuel_crystal_altar, portal_sewer_entry_e,
          kennysheep_nub
D:5:      lemuel_insect_pit, layout_layer_cave, mainiacjoe_overflow_24_doors,
          nicolae_overflow_hidden_temple, minmay_temple_entry_butterflies,
          nicolae_ossuary_entry_catacombs
D:6:      minmay_spotlight, layout_basic, uniq_menkaure,
          uniq_crazy_yiuf_cottage, uniq_blork_the_orc
Temple:   minmay_temple_curvy_branch

Skill      XL: |  1  2  3  4  5  6  7  8 |
---------------+-------------------------+-----
Spellcasting   | 5 6 |  6.3
Invocations    | 1 2 3 4 |  4.1
Short Blades   | 1 2 3 |  3.7
Long Blades    | 1 2 3 |  3.7
Axes           | 1 2 3 |  3.7
Maces & Flails | 1 2 3 |  3.7
Polearms       | 1 2 3 |  3.7
Staves         | 1 2 3 |  3.7
Ranged Weapons | 1 2 3 |  3.7
Throwing       | 1 2 3 |  3.7
Armour         | 1 2 3 |  3.7
Stealth        | 1 2 3 |  3.7
Shields        | 1 2 3 |  3.7
Evocations     | 1 2 3 |  3.7
Conjurations   | 1 2 3 |  3.1
Hexes          | 1 2 3 |  3.1
Summonings     | 1 2 3 |  3.1
Necromancy     | 1 2 3 |  3.1
Translocations | 1 2 3 |  3.1
Fire Magic     | 1 2 3 |  3.1
Ice Magic      | 1 2 3 |  3.1
Air Magic      | 1 2 3 |  3.1
Earth Magic    | 1 2 3 |  3.1
Poison Magic   | 1 2 3 |  3.1
Fighting       | 3 4 |  4.6
Transmutations | 4 |  4.9
Dodging        | 5 6 |  6.0
Unarmed Combat | 7 |  7.6

Action                     |  1- 3 |  4- 6 |  7- 9 || total
---------------------------+-------+-------+-------++-------
  Melee: Unarmed           |    77 |   161 |   199 ||   437
         Bite              |     6 |     7 |       ||    13
         Kick              |     7 |    10 |       ||    17
         Headbutt          |     2 |     6 |       ||     8
         Punch             |     2 |     1 |       ||     3
         Staff             |       |     3 |       ||     3
   Cast: Beastly Appendage |    19 |    14 |     3 ||    36
         Spider Form       |     3 |    20 |    30 ||    53
         Summon Small Mamm |       |       |     2 ||     2
         Call Canine Famil |       |       |     1 ||     1
Ability: End Transformatio |       |       |     4 ||     4
    Use: Scroll            |       |     8 |     5 ||    13
   Stab: Sleeping          |     1 |     3 |     5 ||     9
 Armour: Robe              |    10 |    11 |       ||    21
         Skin              |       |     4 |     5 ||     9
         Troll leather arm |       |       |     2 ||     2
  Dodge: Dodged            |    52 |   125 |   139 ||   316
  Block: Other             |       |       |    16 ||    16
         Reflection        |       |       |     1 ||     1
